twerp, chaotic male elven Priest -------------- |............| ---------- ----- |....(........##############################*##..`......| |`...########|......<.....|# |........| |...| #---|----------### ##########%###-........| |...| ##########%################ --.------- |..>| ### ### ----------- # -|-.- # # |.........| ### # ## ###|..........###### # # -------.--- #..........|################## # |.....II...######## ------|----# ## -.-------.- # |.....I...| ## #|.........| # |....%....| |{........| # ##I.........| |.........| -.--.-- # ----------- ----------- |.....+##### |.....| # |.....-## ------- twerp the Adept Experience level: 6 Strength: 12 Dexterity: 12 Constitution: 15 Intelligence: 10 Wisdom: 19 Charisma: 10 Health: 0(45) Energy: 79(79) Def: 9 Gold: 0 Moves: 2723 Dungeon seed: ZdkmPt6Pj97AhO8Y Game ID: twerp_1614087831 Your Inventory: Weapons a - a blessed +1 mace (weapon in hand) u - a +0 silver dagger (in quiver) Armor e - a +0 dwarvish cloak (being worn) n - a +0 small shield (being worn) y - a +0 orcish helm (being worn) z - a +0 pair of high boots (being worn) N - a blessed +0 elven mithril-coat (being worn) Comestibles d - a sprig of wolfsbane X - 3 tripe rations Tools k - a +0 pick-axe (alternate weapon; not wielded) E - a bag of holding Gems r - a blessed luckstone Contents of the bag of holding: 16 gold pieces a cursed -4 dagger a cursed -1 elven dagger 3 +0 orcish daggers a cursed +0 dwarvish cloak 5 food rations a spellbook of cancellation a spellbook of detect unseen a spellbook of extra healing a spellbook of identify a spellbook of light a potion of fruit juice 2 potions of holy water 2 potions of water a blessed can of grease (0:23) a tin opener a worthless piece of orange glass Spells and supernatural/magical abilities: Name Level Category Fail Memory l - light 1 divination 100% 87% x - extra healing 3 healing 100% 87% I - identify 3 divination 100% 93% W - pray for help -- divine ? -- X - turn undead -- divine ? -- Your skills at the end: Fighting Skills Weapon Skills mace [Basic] Spellcasting Skills clerical spells [Basic] Final Attributes: You were piously aligned. You were sleep resistant. You were blinded. You had infravision. You were lucky. You had extra luck. Good luck did not time out for you. You are dead. Vanquished creatures: 3 small mimics a rock piercer a pony a yellow light a shrieker 4 elf zombies a kobold lord a wererat 5 iguanas a coyote 2 hobbits a large kobold 5 giant rats a cave spider 3 yellow molds a green mold a red mold 4 geckos 3 jackals 4 goblins a sewer rat 4 grid bugs 3 lichens 7 newts 59 creatures vanquished. Voluntary challenges: You followed a strict vegan diet. You used a wielded weapon 85 times, starting on turn 107. You read items or engraved 14 times, starting on turn 621. You never genocided any monsters. You never polymorphed an object. You never changed form. You used no wishes. You never split a pudding. You never wrote Elbereth's name. You never violated your personal moral code. Dungeon overview: The Dungeons of Doom: levels 1 to 6 Level 1 an altar to Raijin, a fountain a long staircase Level 2 a delicatessen, some fountains a long staircase Level 3 <- You were here a fountain Level 4 Level 5 a general store, an altar to Amaterasu Omikami Level 6 History has recorded: On T:1 you entered the Dungeons of Doom to retrieve the Amulet of Yendor! On T:226 you reached level 2 of The Dungeons of Doom. On T:416 you reached level 3 of The Dungeons of Doom. On T:719 you advanced to experience level 2. On T:732 you advanced to experience level 3. On T:793 you reached level 4 of The Dungeons of Doom. On T:951 you reached level 5 of The Dungeons of Doom. On T:1017 you advanced to experience level 4. On T:1086 you advanced to experience level 5. On T:1618 you reached level 6 of The Dungeons of Doom. On T:2715 you advanced to experience level 6. Score breakdown: Gold: 16 ( 4185 points) Experience: 6 levels (12456 points) Exploration: 6 levels ( 12.24%) ( 9682 points) Discoveries: 14 items ( 4.90%) ( 6637 points) Valuables value: (no points given unless you survive) Artifact value: 0 ( 0 points) Variety of kills: 24 monsters ( 6.30%) ( 7529 points) Turncount: 2723 turns ( -456 points) Survival: died (score multiplied by 80%) Total score: 32026 Latest messages: You put 5 food rations into the bag of holding. Your movements are now unencumbered. You stop running. (2x) You are momentarily blinded by a flash of light! It bites! It misses. You hit it. It misses. (3x) It bites! (2x) You kill it! Welcome to experience level 6. It bites! (4x) You attack thin air. It bites! (4x) You try to feel what is lying here on the floor. You feel here a gecko corpse. It bites! (2x) You die... Final status: Goodbye twerp the Priest, killed by a giant bat... You died in The Dungeons of Doom on dungeon level 3 with 32026 points, and 16 pieces of gold, after 2723 moves. You were level 6 with a maximum of 45 hit points when you died.